 Dungeon Crawl Stone Soup version 0.27-a0-1137-g3ef0f4ec91 (webtiles) character file.

Game seed: 14157123642793595560

480 robertstho the Conjurer (level 7, -5/42 HPs)
             Began as an Octopode Conjurer on May 6, 2021.
             Slain by Edmund
             ... wielding a +1 flail of protection
              (8 damage)
             ... on level 4 of the Dungeon.
             The game lasted 00:09:59 (5470 turns).

robertstho the Conjurer (Octopode Conjurer)         Turns: 5470, Time: 00:10:01

Health: -5/42      AC:  1    Str:  7    XL:     7   Next: 11%
Magic:  1/13       EV: 13    Int: 22    God:
Gold:   172        SH:  0    Dex: 10    Spells: 6/14 levels left

rFire    . . .     SeeInvis .   m - +0 short sword (speed)
rCold    . . .     Faith    .   (no shield)
rNeg     . . .     Spirit   .   (helmet restricted)
rPois    .         Reflect  .   (no amulet)
rElec    .         Harm     .   (no ring)
rCorr    .         Rampage  .   (no ring)
Will     .....                  (no ring)
Stlth    ++++......             (no ring)
HPRegen  0.14/turn              (no ring)
MPRegen  0.13/turn              (no ring)
                                (no ring)
                                (no ring)

@: no status effects
A: almost no armour, amphibious, 8 rings, camouflage 1, gelatinous body 1,
(nimble swimmer 1), tentacles
a: no special abilities


You were on level 4 of the Dungeon.
You visited 2 branches of the dungeon, and saw 5 of its levels.

You collected 172 gold pieces.

Inventory:

Hand Weapons
 a - a +0 dagger
 m - a +0 short sword of speed (weapon)
Magical Staves
 d - a staff of air
Jewellery
 k - a +4 ring of evasion
Scrolls
 b - a scroll of enchant armour {unknown}
 c - 2 scrolls of vulnerability {unknown}
 e - 2 scrolls of teleportation {unknown}
 f - a scroll of amnesia
 h - 3 scrolls of holy word
 i - 2 scrolls of noise
Potions
 g - 2 potions of flight
 j - a potion of mutation
 l - a potion of degeneration {unknown}


   Skills:
 + Level 0.6 Fighting
 + Level 1.0 Short Blades
 + Level 2.5 Dodging
 * Level 4.7 Stealth
 * Level 4.3 Spellcasting
 * Level 6.0 Conjurations


You had 6 spell levels left.
You knew the following spells:

 Your Spells              Type           Power      Damage    Failure   Level
a - Magic Dart            Conj           100%       1d8       1%          1
b - Searing Ray           Conj           62%        3d5       1%          2
c - Dazzling Flash        Conj/Hex       36%        N/A       10%         3
d - Blink                 Tloc           N/A        N/A       16%         2

Your spell library contained the following spells:

 Spells                   Type           Power      Damage    Failure   Level
 Conjure Flame            Conj/Fire      18%        6-21      10%         3
 Mephitic Cloud           Conj/Pois/Air  13%        N/A       14%         3
 Call Imp                 Summ           4%         N/A       16%         2
 Slow                     Hex            4%         N/A       16%         2
 Fulminant Prism          Conj/Hex       9%         3d7       30%         4
 Iskenderun's Mystic Bla  Conj/Tloc      18%        2d6       30%         4


Dungeon Overview and Level Annotations

Branches:
Dungeon (4/15)             Temple (1/1) D:4

Altars:
Ashenzari
Cheibriados
Elyvilon
Fedhas
Gozag
Hepliaklqana
Kikubaaqudgha
Makhleb
Nemelex Xobeh
Okawaru
Trog
Uskayaw
Vehumet
Wu Jian
Xom
Yredelemnul
Zin
The Shining One

Shops:
D:1 *

Annotations:
D:4 Edmund


Innate Abilities, Weirdness & Mutations

You cannot wear most types of armour.
You are amphibious.
You can wear up to eight rings at the same time.
Your skin changes colour to match your surroundings (Stealth+).
Your rubbery body absorbs attacks. (AC +1, EV +1)
((You are camouflaged near water. (Stealth+)))
You have tentacles for arms and can constrict up to eight enemies at once.


Message History

Confirm with . or Enter, or press ? or * to list all spells.
Aiming: Searing Ray (safe; 1% risk of failure)
Press: ? - help, Shift-Dir - straight line, f/p - Edmund
Aim: Edmund, wielding a +1 flail of protection and wearing a +0 scale mail (moderately wounded, 82% to hit)
The searing ray hits Edmund!
Edmund is severely wounded. (Press . to maintain the ray.) Edmund hits you with a +1 flail of protection!
The searing ray hits Edmund.
Edmund is severely wounded.
Edmund misses you.
The searing ray misses Edmund.
Edmund closely misses you.
The searing ray hits Edmund but does no damage.
Edmund is severely wounded.
You finish channeling your searing ray.
Edmund says, "You wouldn't believe how much I paid for this flail."
Edmund hits you with a +1 flail of protection!
* * * LOW HITPOINT WARNING * * *
Casting: Searing Ray (safe; 1% risk of failure)
Confirm with . or Enter, or press ? or * to list all spells.
Aiming: Searing Ray (safe; 1% risk of failure)
Press: ? - help, Shift-Dir - straight line, f/p - Edmund
Aim: Edmund, wielding a +1 flail of protection and wearing a +0 scale mail (severely wounded, 82% to hit)
The searing ray hits Edmund.
Edmund is almost dead. (Press . to maintain the ray.) Edmund closely misses you.
As you read the scroll labelled QEIGHOCZOTI, it crumbles to dust.
You speak a Word of immense power!
It was a scroll of holy word.
Edmund hits you with a +1 flail of protection!
* * * LOW HITPOINT WARNING * * *
As you read the scroll labelled PYPOUB DUACWIM, it crumbles to dust.
You hear a loud clanging noise!
It was a scroll of noise.
Edmund closely misses you.
As you read the scroll labelled KIYQID CEXUN, it crumbles to dust.
It is a scroll of amnesia.
Really abort (and waste the scroll)?
Okay, then.
Edmund hits you with a +1 flail of protection!
You die...

..########.....#.....#
..# #.....#.....# ..#
##....#.....# ..#
#...).#.....#
..#########....#.....#
##........#....#.....#
#........###'##.....#
#..............@....#
#..............@....#
#......รท............#
#)..................#
##..........(........#
...##########'####'###
...'................#
...#................#
...#................#
...####'#####.......#


You could see Edmund.

Vanquished Creatures
  A black bear (D:4)
  Blork the orc (D:4)
  A scorpion (D:4)
  A hound (D:4)
  Crazy Yiuf (D:2)
  A centaur skeleton (D:4)
  Ijyb (D:2)
  3 gnolls (D:4)
  5 adders
  An ufetubus (D:4)
  2 worms
  A dart slug (D:1)
  3 orcs
  5 ball pythons
  5 endoplasms
  2 giant cockroaches
  10 goblins
  11 hobgoblins
  3 jackals (D:1)
  A quokka (D:1)
  4 bats
  2 frilled lizards
  12 kobolds
  4 rats
81 creatures vanquished.

Notes
Turn   | Place    | Note
-------+----------+-------------------------------------------
     0 | D:1      | robertstho the Octopode Conjurer began the quest for the
                  | Orb.
     0 | D:1      | Reached XP level 1. HP: 11/11 MP: 3/3
   323 | D:1      | Reached XP level 2. HP: 17/17 MP: 1/5
   546 | D:1      | Found a faded altar of an unknown god.
   986 | D:1      | Found Roymuufa's Assorted Antiques.
  1061 | D:1      | Reached XP level 3. HP: 21/21 MP: 4/6
  1788 | D:2      | Learned a level 2 spell: Searing Ray
  1792 | D:2      | Learned a level 3 spell: Dazzling Flash
  1969 | D:2      | Found a runed translucent door.
  1970 | D:2      | Noticed Crazy Yiuf
  2301 | D:2      | Reached skill level 5 in Conjurations
  2302 | D:2      | Reached XP level 4. HP: 27/27 MP: 1/7
  2500 | D:2      | Noticed Ijyb
  2519 | D:2      | Paralysed by Ijyb for 5 turns
  2532 | D:2      | Paralysed by Ijyb for 7 turns
  2550 | D:2      | Paralysed by Ijyb for 3 turns
  2557 | D:2      | Paralysed by Ijyb for 6 turns
  2572 | D:2      | Killed Ijyb
  2999 | D:2      | Learned a level 2 spell: Blink
  3002 | D:2      | Killed Crazy Yiuf
  3003 | D:2      | Reached XP level 5. HP: 10/31 MP: 4/9
  3311 | D:3      | Found a hide-covered altar of Uskayaw.
  3311 | D:3      | Found a snail-covered altar of Cheibriados.
  3907 | D:3      | Found a white marble altar of Elyvilon.
  4452 | D:4      | Found a staircase to the Ecumenical Temple.
  4457 | D:4      | Reached XP level 6. HP: 36/36 MP: 5/11
  4472 | Temple   | Entered the Ecumenical Temple
  4640 | D:4      | Noticed a black bear
  4659 | D:4      | Noticed Blork the orc
  4676 | D:4      | Killed Blork the orc
  5233 | D:4      | Killed a black bear
  5234 | D:4      | Reached skill level 1 in Short Blades
  5234 | D:4      | Reached skill level 6 in Conjurations
  5234 | D:4      | Reached XP level 7. HP: 42/42 MP: 7/13
  5454 | D:4      | Noticed Edmund
  5470 | D:4      | Slain by Edmund

Illustrated notes

Levels and vault maps discovered:
D:1:      lightli_arrival_farm, layout_basic,
          hellmonk_ecumenical_altar_heavens_door, serial_shops, shop
D:2:      kennysheep_the_goblin_king, layout_loops_ring, uniq_crazy_yiuf_cottage
D:3:      minmay_spotlight, layout_basic, lemuel_tele_altar,
          jmf_multi_god_temple, minmay_misc_feat_doors,
          chequers_serial_rivers_micro_b
D:4:      layout_gridville, minmay_temple_entry_trees, serial_shops, shop,
          uniq_blork_the_orc, uniq_edmund
Temple:   regret_index_temple_waves

Skill      XL: |  1  2  3  4  5  6 |
---------------+-------------------+-----
Stealth        | 3 4 |  4.7
Conjurations   | 5 6 |  6.0
Spellcasting   | 3 4 |  4.3
Short Blades   | 1 |  1.0
Fighting       | |  0.6
Dodging        | |  2.5

Action                   |  1- 3 |  4- 6 |  7- 9 || total
-------------------------+-------+-------+-------++-------
Melee: Dagger            |    14 |    54 |       ||    68
       Constrict         |     6 |     6 |       ||    12
       Tentacles         |     5 |     2 |       ||     7
       Unarmed           |     1 |       |       ||     1
 Cast: Magic Dart        |    71 |    61 |     8 ||   140
       Searing Ray       |       |    16 |     3 ||    19
  Use: Potion            |       |     4 |       ||     4
       Scroll            |       |     3 |     3 ||     6
 Stab: Sleeping          |     2 |       |       ||     2
Armor: Skin              |       |    40 |       ||    40
Dodge: Dodged            |    13 |    15 |     4 ||    32

Table legend: (Time is in decaauts)
 A = Elapsed time spent in this place.
 B = Non-inter-level travel time spent in this place.
 C = Inter-level travel time spent in this place.
 D = Time resting spent in this place.
 E = Time spent auto-exploring this place.
 F = Levels seen in this place.
 G = Mean time per level.
                   A        B        C        D        E       F      G
               +--------+--------+--------+--------+--------+-----+--------+
         Total |   5468 |   5267 |    201 |    793 |   3949 |   5 | 1093.6 |
       Dungeon |   5300 |   5139 |    161 |    793 |   3821 |   4 | 1325.0 |
        Temple |    167 |    128 |     39 |      0 |    128 |   1 |  167.0 |
               +--------+--------+--------+--------+--------+-----+--------+

Top non-repeatable levels by time:
     D:1: 1781 daAuts
     D:2: 1499 daAuts
     D:4: 1015 daAuts
     D:3: 1003 daAuts
  Temple: 167 daAuts
